 Dungeon Crawl Stone Soup version 0.21.0-25-ge575cb9 (webtiles) character file.

319 Moloch the Ruffian (level 6, 0/33 HPs)
             Began as a Vine Stalker Fighter on Jan 24, 2018.
             Was an Initiate of Cheibriados.
             Slain by an ogre
             ... wielding a +0 giant spiked club
              (20 damage)
             ... on level 4 of the Dungeon.
             The game lasted 00:04:59 (2644 turns).

Moloch the Ruffian (Vine Stalker Fighter)           Turns: 2644, Time: 00:05:00

Health: 0/33       AC:  9    Str: 19    XL:     6   Next: 45%
Magic:  0/7        EV:  7    Int:  9    God:    Cheibriados [......]
Gold:   135        SH:  9    Dex: 17    Spells: 5/5 levels left

rFire    . . .     SeeInvis .     - Unarmed
rCold    . . .     Gourm    .   b - +0 shield
rNeg     . . .     Faith    .   a - +0 scale mail
rPois    .         Spirit   +   k - +0 helmet (curse)
rElec    .         Reflect  .   (no cloak)
rCorr    .         Harm     .   (no gloves)
MR       .....                  p - +1 pair of boots
Stlth    ..........             (no amulet)
HPRegen  0.51/turn              h - ring of loudness (curse)
MPRegen  0.10/turn              o - +1 ring of slaying

@: very slow
A: fangs 2, regeneration 1, magic shield, antimagic bite, no potion heal 3, rot
immunity
a: Bend Time, Renounce Religion


You were on level 4 of the Dungeon.
You worshipped Cheibriados.
Cheibriados was noncommittal.
You were hungry.

You visited 1 branch of the dungeon, and saw 4 of its levels.

You collected 135 gold pieces.

Inventory:

Missiles
 u - a throwing net (quivered)
Armour
 a - a +0 scale mail (worn)
 b - a +0 shield (worn)
 k - a cursed +0 helmet (worn)
 p - a +1 pair of boots (worn)
Jewellery
 h - a cursed ring of loudness (left hand)
 o - a +1 ring of slaying (right hand)
 s - a +5 amulet of reflection {unknown}
Wands
 x - a wand of random effects (8)
Scrolls
 f - 2 scrolls of amnesia {unknown}
 g - 3 scrolls of teleportation {unknown}
 j - 2 scrolls of fog {unknown}
 l - 7 scrolls of identify {unknown}
 m - a scroll of enchant weapon {unknown}
 r - 2 scrolls of remove curse {unknown}
 t - a scroll of random uselessness {unknown}
Potions
 c - 2 potions of might
 e - a potion of ambrosia {unknown}
 i - 2 potions of heal wounds {unknown}
 n - 2 potions of curing {unknown}
 q - a potion of haste {unknown}
 v - a potion of agility {unknown}
 z - a potion of brilliance {unknown}
Comestibles
 d - 4 rations


   Skills:
 + Level 3.7 Fighting
 - Level 2.4 Armour
 - Level 2.6 Shields
 * Level 6.0 Unarmed Combat


You had 5 spell levels left.
You didn't know any spells.

Dungeon Overview and Level Annotations

Branches:
Dungeon (4/15)
 Temple: D:4-7

Altars:
Cheibriados
Sif Muna
Wu Jian


Innate Abilities, Weirdness & Mutations

You have extremely sharp teeth.
Your natural rate of healing is unusually fast.
When hurt, damage is shared between your health and your magic reserves.
Your bite disrupts and absorbs the magic of your enemies.
Potions cannot restore your health.
You are immune to rotting.


Message History

An ogre comes into view. It is wielding a giant spiked club.
The ogre shouts!
You block the ogre's attack.
An ogre is nearby!
An ogre is nearby!
An ogre is nearby!
Your shield prevents you from hitting the ogre.
Your bite misses the ogre.
The ogre hits you with a giant spiked club.
You punch the ogre! You bite the ogre. You drain its power.
You feel invigorated.
The ogre is heavily wounded.
You hit the ogre. You bite the ogre. You drain its power.
The ogre is severely wounded.
The ogre hits you with a giant spiked club!
You hit the ogre. You bite the ogre. You drain its power.
You feel invigorated.
The ogre is almost dead.
The ogre hits you with a giant spiked club!!
Ouch! That really hurt!
You die...

#.###.#.######.
.#..............
#.#####<#.######
#.#######.###
............#
#.#######.#.#
#.# #.#.# ###.##
#.#.# #.@..#
#.#.# #O#..#
#.#.#
#.#..######.#.#
#.............#
#############.#
#.# #.# #.# ..#


You could see an ogre.

Vanquished Creatures
  The ghost of nikopol the Shield-Bearer, an amateur GrFi (D:3)
  A hound (D:3)
  Natasha (thrice) (D:3)
  4 gnolls (D:3)
  An adder (D:2)
  2 worms
  A dart slug (D:2)
  A leopard gecko (D:2)
  2 orcs (D:3)
  2 ball pythons
  A giant cockroach (D:3)
  5 goblins
  9 hobgoblins
  3 jackals (D:3)
  3 kobolds
  3 bats
  4 frilled lizards (D:2)
  4 rats
50 creatures vanquished.

Vanquished Creatures (others)
  4 toadstools (D:1)
4 creatures vanquished.

Grand Total: 54 creatures vanquished

Notes
Turn   | Place    | Note
-------+----------+-------------------------------------------
     0 | D:1      | Moloch the Vine Stalker Fighter began the quest for the Orb.
     0 | D:1      | Reached XP level 1. HP: 11/11 MP: 2/2
   749 | D:2      | Reached XP level 2. HP: 16/16 MP: 3/3
   834 | D:2      | Found a faded altar of an unknown god.
   973 | D:2      | Reached XP level 3. HP: 18/20 MP: 4/4
  1008 | D:2      | Reached skill level 3 in Unarmed Combat
  1218 | D:2      | Found an ornate altar of the Wu Jian Council.
  1369 | D:2      | Found a deep blue altar of Sif Muna.
  1496 | D:3      | Noticed Natasha
  1505 | D:3      | Killed Natasha
  1505 | D:3      | Gained mutation: Your natural rate of healing is unusually fast. [Vine Stalker growth]
  1505 | D:3      | Reached XP level 4. HP: 22/24 MP: 3/5
  1561 | D:3      | Reached skill level 4 in Unarmed Combat
  1569 | D:3      | Noticed Natasha
  1576 | D:3      | Killed Natasha
  1576 | D:3      | Reached XP level 5. HP: 28/28 MP: 6/6
  1868 | D:3      | Noticed nikopol's ghost (amateur GrFi)
  2028 | D:3      | Killed nikopol's ghost
  2028 | D:3      | Reached skill level 5 in Unarmed Combat
  2028 | D:3      | Reached XP level 6. HP: 27/33 MP: 7/7
  2249 | D:3      | Noticed Natasha
  2250 | D:3      | Found a snail-covered altar of Cheibriados.
  2259 | D:3      | Killed Natasha
  2327 | D:3      | Became a worshipper of Cheibriados the Contemplative
  2407 | D:3      | Reached skill level 6 in Unarmed Combat
  2644 | D:4      | Slain by an ogre

Skill      XL: |  1  2  3  4  5  6 |
---------------+-------------------+-----
Fighting       | 3 |  3.7
Unarmed Combat | 3 4 5 6 |  6.0
Armour         | |  2.4
Shields        | |  2.6

Action                   |  1- 3 |  4- 6 || total
-------------------------+-------+-------++-------
Melee: Unarmed           |    76 |   114 ||   190
       Bite              |    17 |    52 ||    69
  Eat: Chunk             |     2 |     3 ||     5
Armor: Scale mail        |    19 |    29 ||    48
Dodge: Dodged            |    22 |    21 ||    43
Block: Shield            |    24 |    43 ||    67
